AoeStats
← Vakkil_Vandumurugan

African Clearing

510549578Analyzed
2v2 RM · 1d ago on Oct 1, 2026· 42m 16s· 4 players
Game mode
Random Map
Map size
Medium (4 player)
Population
200
Speed
Normal
Resources
Standard
Victory
Conquest
Starting age
Dark Age
Ending age
Imperial Age
RankedLock teamsTeams togetherTeam positionsShared explorationLock speedFull tech treeHidden civsTurbo modeCheats
Victory
Defeat
🇩🇪 Malians · Germany
989
+15
🇮🇳 Varangians · India
957
+16
🇬🇧 Britons · United Kingdom
980
-16
🇬🇧 Bohemians · United Kingdom
960
-15
XxHarlan96xX
13:39 Feudal Age
12:51 Loom
16:49 Forging
18:35 Double-Bit Axe
18:33 Horse Collar
19:02 Scale Barding Armor
24:28 Castle Age
25:39 Town Watch
30:08 Pikeman
33:31 Imperial Age
32:18 Fletching
32:28 Padded Archer Armor
34:13 Ballistics
34:32 Bodkin Arrow
34:52 Leather Archer Armor
38:22 Bracer
39:31 Scale Mail Armor
41:40 Elite Longbowman
maddierose1011
15:19 Feudal Age
13:50 Loom
15:31 Man-at-Arms
18:33 Arson
19:05 Forging
19:55 Horse Collar
27:48 Castle Age
25:52 Double-Bit Axe
29:09 Wheelbarrow
31:18 Fletching
31:28 Padded Archer Armor
30:52 Elite Skirmisher
32:28 Hand Cart
32:30 Bodkin Arrow
33:11 Bow Saw
35:29 Leather Archer Armor
39:23 Heavy Plow
Vakkil_Vandumurugan
3:31 Loom
14:35 Feudal Age
15:41 Double-Bit Axe
18:36 Castle Age
19:12 Horse Collar
19:48 Bow Saw
19:50 Stone Mining
20:15 Town Watch
21:41 Fletching
27:00 Forging
28:38 Scale Mail Armor
29:09 Town Patrol
31:57 Wheelbarrow
35:16 Imperial Age
33:54 Iron Casting
35:14 Chain Mail Armor
36:38 Conscription
36:42 Horse Collar
37:50 Plate Mail Armor
37:15 Gold Mining
37:48 Heavy Plow
37:35 Elite Gbeto
Joe_N0T_Exotic
3:51 Loom
15:06 Feudal Age
19:04 Castle Age
17:01 Double-Bit Axe
17:04 Horse Collar
20:39 Bow Saw
21:04 Heavy Plow
27:47 Wheelbarrow
26:58 Town Watch
29:46 Hand Cart
36:30 Imperial Age
36:38 Imperial Age
36:23 Bloodlines
36:14 Husbandry
35:37 Vendel Legacy
36:29 Scale Barding Armor
36:35 Forging
37:45 Chain Barding Armor
36:47 Cavalier
40:19 Capped Ram
41:46 Siege Ram
43:18 Plate Barding Armor
Connection lost

Rejoining the realm…

Still unreachable

The connection could not be restored.

Session expired

The server has moved on; the page needs a fresh start.